AoeStats
← FoxStew

Four Lakes

508068681Analyzed
1v1 RM · 12d ago on Sep 20, 2026· 54m 14s· 2 players
Game mode
Random Map
Map size
Tiny (2 player)
Population
200
Speed
Normal
Resources
Standard
Victory
Conquest
Starting age
Dark Age
Ending age
Imperial Age
RankedLock teamsTeams togetherTeam positionsShared explorationLock speedFull tech treeHidden civsTurbo modeCheats
Victory
Defeat
🇮🇹 Sicilians · Italy
547
+18
🇬🇧 Slavs · United Kingdom
597
-18
ciullobit
5:30 Loom
11:32 Feudal Age
12:01 Horse Collar
12:09 Double-Bit Axe
14:10 Gold Mining
20:54 Forging
20:45 Scale Mail Armor
21:49 Fletching
22:00 Padded Archer Armor
22:00 Stone Mining
26:42 Castle Age
26:34 Scale Barding Armor
26:44 Elite Skirmisher
30:17 Wheelbarrow
30:21 Gold Shaft Mining
30:05 Bow Saw
34:00 Heavy Plow
34:46 Stone Shaft Mining
38:22 Iron Casting
37:42 Bodkin Arrow
38:02 Chain Mail Armor
38:58 Hand Cart
42:14 Leather Archer Armor
42:20 Chain Barding Armor
44:58 Imperial Age
46:10 Town Watch
48:59 Chemistry
47:44 Arrowslits
47:50 Heated Shot
49:01 Fishing Lines
50:45 Medium Warships
51:35 Plate Mail Armor
FoxStew
6:37 Loom
13:01 Feudal Age
13:49 Double-Bit Axe
16:45 Horse Collar
17:00 Gold Mining
18:32 Wheelbarrow
17:43 Town Watch
25:38 Castle Age
24:40 Fletching
25:43 Crossbowman
26:20 Bodkin Arrow
33:41 Detinets
35:47 Forging
35:46 Scale Barding Armor
42:01 Scale Barding Armor
45:17 Hand Cart
45:55 Iron Casting
47:38 Heavy Plow
47:44 Husbandry
47:57 Bloodlines
Connection lost

Rejoining the realm…

Still unreachable

The connection could not be restored.

Session expired

The server has moved on; the page needs a fresh start.